 Dungeon Crawl Stone Soup version 0.13.0-3-g966e3ec (webtiles) character file.

90 Lilouch the Covered (level 3, -6/24 HPs)
             Began as a Gargoyle Fighter on Oct 13, 2013.
             Mangled by Crazy Yiuf
             ... wielding a +2,+4 quarterstaff of chaos
              (13 damage)
             ... on Level 2 of the Dungeon.
             The game lasted 00:03:36 (1226 turns).

Lilouch the Covered (Gargoyle Fighter)              Turns: 1226, Time: 00:03:36

HP  -6/24        AC 10     Str 20      XL: 3   Next: 29%
MP   2/2         EV  6     Int  8      God:
Gold 57          SH 18     Dex  9      Spells:  0 memorised,  2 levels left

Res.Fire  : . . .   See Invis. : .   a - +0 mace
Res.Cold  : . . .   Warding    : .   b - +0 scale mail
Life Prot.: + . .   Conserve   : .   c - +0 shield
Res.Poison: +       Res.Corr.  : .   (no helmet)
Res.Elec. : +       Clarity    : .   (no cloak)
Sust.Abil.: . .     Spirit.Shd : .   (no gloves)
Res.Mut.  : .       Rnd.Telep. : +   (no boots)
Res.Rott. : +       Flight     : .   (no amulet)
Saprovore : . . .                    (no ring)
                                     o - cursed ring of teleportation

@: not resistant to hostile enchantments, extremely unstealthy
A: fangs 1, talons 2, life protection 1, electricity resistance, slow metabolism
1, unbreathing, petrification resistance, AC +3
a: Evoke Teleportation


You were on level 2 of the Dungeon.
You were not hungry.

You visited 1 branch of the dungeon, and saw 2 of its levels.

You collected 37 gold pieces.

Inventory:

Hand weapons
 a - a +0,+0 mace (weapon)
 i - a +0,+0 spear (quivered)
 x - a -1,+1 orcish hammer
Missiles
 v - 22 stones
Armour
 b - a +0 scale mail (worn)
 c - a +0 shield (worn)
Comestibles
 d - a bread ration
 f - 2 meat rations
 r - a chunk of bat flesh
 u - a rotting chunk of rat flesh
Scrolls
 e - 3 scrolls of identify {unknown}
 g - a scroll of enchant weapon I {unknown}
 j - a scroll of fear {unknown}
 l - a scroll of teleportation {unknown}
 m - a scroll of blinking {unknown}
 s - a scroll of enchant weapon II {unknown}
Jewellery
 h - an uncursed ring of sustain abilities {unknown}
 o - a cursed ring of teleportation (left hand)
 p - an uncursed amulet of clarity {unknown}
 q - a cursed ring of teleportation
Potions
 k - 2 potions of curing {unknown}
 n - a potion of agility {unknown}
 t - a potion of resistance {unknown}
 w - a potion of heal wounds {unknown}


   Skills:
 - Level 3.2 Fighting
 * Level 3.2 Maces & Flails
 + Level 3.7 Armour
 + Level 3.5 Shields


You had 2 spell levels left.
You didn't know any spells.

Dungeon Overview and Level Annotations

Branches:
Dungeon (2/27)

Altars:

Annotations:
D:2 Crazy Yiuf


Innate Abilities, Weirdness & Mutations

You are resistant to torment.
You are immune to poison.
Your stone body is very resilient (AC +3).
You have very sharp teeth.
You have razor-sharp toenails.
You resist negative energy.
You are resistant to electric shocks.
You have a slow metabolism.
You can survive without breathing.
You are immune to petrification.


Message History

Crazy Yiuf closely misses you.
You hit Crazy Yiuf.
Crazy Yiuf is moderately wounded.
Crazy Yiuf hits you but does no damage.
You hit Crazy Yiuf.
Crazy Yiuf is heavily wounded.
Crazy Yiuf yells, "You!
Key fast Hive."
Crazy Yiuf hits you with a quarterstaff of chaos.
Crazy Yiuf burns you.
* * * LOW HITPOINT WARNING * * *
Crazy Yiuf grits, "Paint!
Goldfish fast leg."
Crazy Yiuf closely misses you.
You hit Crazy Yiuf but do no damage. You claw Crazy Yiuf, but do no damage.
Crazy Yiuf is heavily wounded.
Crazy Yiuf hits you but does no damage.
You closely miss Crazy Yiuf. Your kick misses Crazy Yiuf.
Crazy Yiuf is heavily wounded.
Crazy Yiuf hits you with a quarterstaff of chaos!
Ouch! That really hurt!
You die...

### .)# .)# .) ♣##.##
#..# ♣♣♣g♣♣ .#......##.#
♣♣♣@♣♣ .#......##.#
♣♣♣)♣♣ .... .......
♣♣.♣♣♣♣ ...###..##.#
♣♣♣.♣♣♣♣
........##.##♣♣...♣♣♣
............#♣♣....♣♣
........##.####....##
....(.......####..#####.
.....#...................


You could see Crazy Yiuf.

Vanquished Creatures
  A gnoll (D:1)
  A giant gecko (D:1)
  A giant cockroach (D:2)
  2 goblins (D:1)
  4 hobgoblins
  2 kobolds (D:1)
  5 bats
  2 giant newts (D:1)
  4 rats (D:1)
22 creatures vanquished.

Notes
Turn   | Place    | Note
--------------------------------------------------------------
     0 | D:1      | Lilouch, the Gargoyle Fighter, began the quest for the Orb.
     0 | D:1      | Reached XP level 1. HP: 14/14 MP: 0/0
   238 | D:1      | Reached XP level 2. HP: 19/19 MP: 1/1
   567 | D:1      | Reached XP level 3. HP: 24/24 MP: 2/2
  1217 | D:2      | Noticed Crazy Yiuf
  1226 | D:2      | Mangled by Crazy Yiuf

Action                   || total
-------------------------++-------
Melee: Mace              ||    59
